 Dungeon Crawl Stone Soup version 0.28-a0-535-g6f645e4c1d (webtiles) character file.

Game seed: 11664452360344942845

47 heikuro the Covered (level 3, -6/33 HPs)
             Began as a Minotaur Fighter on Sept 26, 2021.
             Mangled by an ogre (13 damage)
             ... on level 2 of the Dungeon.
             The game lasted 00:01:46 (1369 turns).

heikuro the Covered (Minotaur Fighter)              Turns: 1369, Time: 00:01:47

Health: -6/33      AC:  7    Str: 21    XL:     3   Next: 48%
Magic:  0/2        EV:  9    Int:  5    God:
Gold:   86         SH:  4    Dex:  9    Spells: 2/2 levels left

rFire   . . .      SeeInvis .   b - +1 dagger (venom)
rCold   . . .      Faith    .   c - +0 buckler
rNeg    . . .      Spirit   +   o - +0 scale mail
rPois   .          Reflect  .   (helmet restricted)
rElec   .          Harm     .   (no cloak)
rCorr   .          Rampage  .   (no gloves)
Will    .....                   (no boots)
Stlth   ..........              l - amulet of guardian spirit
HPRegen 0.11/turn               (no ring)
MPRegen 0.08/turn               (no ring)

@: no status effects
A: horns 2, retaliatory headbutt
a: no special abilities


You were on level 2 of the Dungeon.
You visited 1 branch of the dungeon, and saw 2 of its levels.

You collected 86 gold pieces.

Inventory:

Hand Weapons
 a - a +0 war axe
 b - a +1 dagger of venom (weapon)
Missiles
 k - 2 boomerangs (quivered)
Armour
 c - a +0 buckler (worn)
 o - a +0 scale mail (worn)
Jewellery
 l - an amulet of guardian spirit (around neck)
Scrolls
 e - 2 scrolls of fear {unknown}
 f - a scroll of immolation {unknown}
 i - a scroll of magic mapping {unknown}
 n - a scroll of identify {unknown}
Potions
 d - a potion of might
 g - a potion of mutation {unknown}
 h - a potion of brilliance {unknown}
 j - a potion of ambrosia {unknown}
 m - 2 potions of haste {unknown}


   Skills:
 + Level 4.0 Fighting
 * Level 3.6 Axes
 + Level 4.1 Armour
 - Level 4.0 Shields


You had 2 spell levels left.
You didn't know any spells.
Your spell library contained the following spells:

 Spells                   Type           Power      Damage    Failure   Level
 Animate Skeleton         Necr           0%         N/A       80%         1
 Apportation              Tloc           0%         N/A       80%         1
 Summon Small Mammal      Summ           0%         N/A       80%         1
 Sublimation of Blood     Necr           0%         N/A       91%         2
 Wereblood                Tmut           0%         N/A       91%         2
 Frozen Ramparts          Ice            0%         1d2       99%         3
 Ice Form                 Ice/Tmut       0%         N/A       100%        4
 Summon Ice Beast         Ice/Summ       0%         N/A       100%        4
 Summon Hydra             Summ           0%         N/A       100%        7


Dungeon Overview and Level Annotations

Branches:
Dungeon (2/15)

Altars:


Innate Abilities, Weirdness & Mutations

You have a pair of horns on your head.
You reflexively headbutt those who attack you in melee.


Message History

You kill the rat!
The kobold throws a stone.
The stone hits you but does no damage. The kobold misses you.
You see here a rat corpse.
You slash the kobold!
You kill the kobold!
Things that are here:
a +0 dagger; 4 stones; a kobold corpse No target in view!
You open the door.
Found 44 bolts.
There is an open door here.
You now have 77 gold pieces (gained 13).
You now have 86 gold pieces (gained 9).
There is an open door here.
You open the door.
A hobgoblin comes into view.
The hobgoblin shouts!
The hobgoblin moves out of view.
A hobgoblin and an ogre come into view.
The ogre shouts!
You hit the hobgoblin.
The hobgoblin is moderately wounded.
The hobgoblin hits you but does no damage.
You slash the hobgoblin!
You kill the hobgoblin!
Your +1 dagger of venom begins to drip with poison!
b - a +1 dagger of venom (weapon)
You hit the ogre but do no damage.
The ogre is poisoned.
The ogre hits you with a +0 giant club!
You closely miss the ogre. You hit the ogre.
The ogre is lightly wounded.
The ogre barely misses you.
You hit the ogre.
The ogre looks as sick as possible!
The ogre is moderately wounded.
The ogre hits you with a +0 giant club!
* * * LOW HITPOINT WARNING * * *
The ogre hits you with a +0 giant club!
You die...

#...# #.######## #...#
#.........
.#####...########..#####.(
...............##..#
..................#
..............##..#
#####...###############
#.....#####..##)†'...#
#....)#...@......#...#
#.....#..O.......##..#
######..##†####'#####..######
....##...#.. #....#...#.....
# #......#... #((..#.).#....#
..#..##.###..########..#....#
#.........#..#..##..#..#.....
.....####.#..+......'..#....#
.#.......##..##8..8##..#.....


You could see an ogre (extremely poisoned).

Vanquished Creatures
  An adder (D:2)
  A worm (D:2)
  A dart slug (D:1)
  3 ball pythons (D:1)
  2 endoplasms
  8 goblins (D:1)
  A hobgoblin (D:2)
  6 kobolds
  3 bats (D:1)
  2 frilled lizards (D:2)
  5 rats
33 creatures vanquished.

Notes
Turn   | Place    | Note
-------+----------+-------------------------------------------
     0 | D:1      | heikuro the Minotaur Fighter began the quest for the Orb.
     0 | D:1      | Reached XP level 1. HP: 19/19 MP: 0/0
   208 | D:1      | Found a faded altar of an unknown god.
   215 | D:1      | Reached XP level 2. HP: 25/27 MP: 1/1
   969 | D:2      | Reached XP level 3. HP: 33/33 MP: 2/2
  1358 | D:2      | Noticed an ogre
  1369 | D:2      | Mangled by an ogre

Illustrated notes

Levels and vault maps discovered:
D:1:      heliophobic_arrival_enchanted_forest, layout_loops_corners,
          hellmonk_ecumenical_altar_lost_god, grunt_decor_junction,
          minmay_close_crescents
D:2:      minmay_chambers_of_twos, layout_loops_cross, minmay_vboxes,
          uniq_natasha

Skill      XL: |  1  2 |
---------------+-------+-----
Axes           | 3 |  3.6
Fighting       | 4 |  4.0
Armour         | 4 |  4.1
Shields        | 4 |  4.0

Action                   || total
-------------------------++-------
Melee: War axe           ||    55
       Headbutt          ||     9
       Dagger            ||     4
Armor: Scale mail        ||    18
Dodge: Dodged            ||    23
Block: Buckler           ||     7

Table legend: (Time is in decaauts)
 A = Elapsed time spent in this place.
 B = Non-inter-level travel time spent in this place.
 C = Inter-level travel time spent in this place.
 D = Time resting spent in this place.
 E = Time spent auto-exploring this place.
 F = Levels seen in this place.
 G = Mean time per level.
                   A        B        C        D        E       F      G
               +--------+--------+--------+--------+--------+-----+--------+
         Total |   1387 |   1374 |     13 |      0 |   1104 |   2 |  693.5 |
       Dungeon |   1387 |   1374 |     13 |      0 |   1104 |   2 |  693.5 |
               +--------+--------+--------+--------+--------+-----+--------+

Top non-repeatable levels by time:
     D:1: 978 daAuts
     D:2: 409 daAuts
